 Dungeon Crawl Stone Soup version 0.22-a0-293-gc9362ec4a2 (webtiles) character file.

2100 Infinimo the Basher (level 9, -2/108 HPs)
             Began as a Demonspawn Berserker on Mar 24, 2018.
             Was an Elder of Trog.
             Splashed by a jelly's acid (5 damage)
             ... on level 6 of the Dungeon.
             The game lasted 00:10:08 (6994 turns).

Infinimo the Basher (Demonspawn Berserker)          Turns: 6994, Time: 00:10:08

Health: -2/108     AC:  0    Str: 23 (25) XL:     9   Next: 7%
Magic:  9/9        EV:  7    Int:  8 (9)  God:    Trog [****..]
Gold:   270        SH:  0    Dex: 13      Spells: 8/8 levels left

rFire    . . .     SeeInvis .   f - +0 flail
rCold    . . .     Gourm    .   (no shield)
rNeg     . . .     Faith    .   i - +0 plate armour
rPois    .         Spirit   .   (helmet restricted)
rElec    .         Reflect  .   (no cloak)
rCorr    .         Harm     .   h - +1 pair of gloves
MR       +....                  (no boots)
Stlth    ..........             (no amulet)
HPRegen  0.28/turn              m - ring of protection from magic
MPRegen  0.11/turn              (no ring)

@: berserking, corroded, drained, very quick
A: antennae 1, slimy green scales 1, demonic guardian 1
a: Berserk, Trog's Hand, Brothers in Arms, Renounce Religion


You were on level 6 of the Dungeon.
You worshipped Trog.
Trog was greatly pleased with you.
You were very hungry.

You visited 2 branches of the dungeon, and saw 7 of its levels.

You collected 270 gold pieces.

Inventory:

Hand Weapons
 a - the +9 staff of Olgreb {rPois}
   (You found it on level 5 of the Dungeon)

   It protects you from poison.
 f - a +0 flail (weapon)
Armour
 h - a +1 pair of gloves (worn)
 i - a +0 plate armour (worn)
Jewellery
 m - a ring of protection from magic (left hand)
 t - a cursed amulet of inaccuracy {unknown}
Wands
 n - a wand of digging (14)
 q - a wand of iceblast (14)
Scrolls
 b - 2 scrolls of fear
 j - a scroll of enchant armour {unknown}
 o - a scroll of remove curse
 p - 2 scrolls of identify
Potions
 e - 2 potions of flight
 g - a potion of berserk rage
 k - a potion of mutation
 l - 2 potions of agility
Comestibles
 c - 7 rations


   Skills:
 + Level 7.0(6.3) Fighting
 * Level 8.7(8.0) Maces & Flails
 + Level 4.5(3.9) Armour
 - Level 1.7(1.2) Dodging


You had 8 spell levels left.
You didn't know any spells.

Dungeon Overview and Level Annotations

Branches:
Dungeon (6/15)             Temple (1/1) D:4

Altars:
Ashenzari
Cheibriados
Elyvilon
Hepliaklqana
Kikubaaqudgha
Nemelex Xobeh
Qazlal
Ru
Trog
Uskayaw
Yredelemnul
Zin

Shops:
D:5 (

Annotations:
D:5 1 runed door


Innate Abilities, Weirdness & Mutations

You have a pair of small antennae on your head.
You are partially covered in slimy green scales. (AC +2)
A weak demonic guardian rushes to your aid.


Message History

The jelly is severely wounded.
The jelly hits you.
You are splashed with acid!
The acid burns!
* * * LOW HITPOINT WARNING * * *
A red film seems to cover your vision as you go berserk!
You feel yourself moving faster!
You feel mighty!
You are feeling very hungry.
The jelly hits you.
* * * LOW HITPOINT WARNING * * *
You are splashed with acid!
The acid burns!
* * * LOW HITPOINT WARNING * * *
Unknown command.
Your hands burn!
* * * LOW HITPOINT WARNING * * *
The jelly is severely wounded.
The jelly hits you.
* * * LOW HITPOINT WARNING * * *
The acid corrodes you!
You are splashed with acid!
The acid burns!
* * * LOW HITPOINT WARNING * * *
Your hands burn!
You die...

# ######### ###########
#######.......#####........##
#...........@J...............
####.#####.......#####........##
#........#...##### #........##
#........##### #........#
#........# ########## #..).....#
#........# #........# ######
####(##### #....#


You could see a jelly.

Vanquished Creatures
  Sigmund (D:4)
  Menkaure (D:4)
  3 soldier ants (D:5)
  A water moccasin (D:5)
  A phantom (D:4)
  2 centaurs
  An ogre (D:3)
  A bullfrog (D:6)
  6 killer bees (D:5)
  A crimson imp (D:6)
  An orc priest (D:6)
  A bullfrog skeleton (D:4)
  Jessica (D:3)
  Ijyb (D:5)
  6 worker ants
  A hound skeleton (D:4)
  6 adders
  7 gnolls
  2 oozes
  2 adder skeletons (D:4)
  3 worms (D:3)
  4 dart slugs
  5 leopard geckos
  20 orcs
  2 ball pythons
  4 bats
  6 giant cockroaches
  10 goblins
  8 hobgoblins
  2 quokkas
  5 frilled lizards
  8 kobolds
  A quokka zombie (D:3)
  6 rats
130 creatures vanquished.

Vanquished Creatures (collateral kills)
  A water moccasin (D:5)
  An ice beast (D:6)
  An ogre (D:4)
  2 killer bees (D:5)
  An orc wizard (D:6)
  2 worker ants (D:5)
  A worm (D:4)
  An orc (D:6)
  A hobgoblin (D:4)
11 creatures vanquished.

Grand Total: 141 creatures vanquished

Notes
Turn   | Place    | Note
-------+----------+-------------------------------------------
     0 | D:1      | Infinimo the Demonspawn Berserker began the quest for the Orb.
     0 | D:1      | Reached XP level 1. HP: 18/18 MP: 1/1
   104 | D:1      | Reached skill level 3 in Maces & Flails
   128 | D:1      | Gained mutation: You have a pair of small antennae on your head. [demonic ancestry]
   128 | D:1      | Reached XP level 2. HP: 19/24 MP: 2/2
   931 | D:2      | Gained mutation: A weak demonic guardian rushes to your aid. [demonic ancestry]
   931 | D:2      | Reached XP level 3. HP: 26/29 MP: 3/3
  1262 | D:2      | Reached ** piety under Trog
  1612 | D:2      | Reached skill level 4 in Maces & Flails
  1615 | D:2      | Reached XP level 4. HP: 37/37 MP: 4/4
  1808 | D:3      | Noticed an ogre
  1816 | D:3      | Killed an ogre
  1816 | D:3      | Reached XP level 5. HP: 42/42 MP: 5/5
  1915 | D:3      | Noticed Jessica
  1921 | D:3      | Killed Jessica
  1921 | D:3      | Reached skill level 5 in Maces & Flails
  2281 | D:3      | Reached *** piety under Trog
  2809 | D:3      | Gained mutation: You are partially covered in slimy green scales. (AC +2) [demonic ancestry]
  2809 | D:3      | Reached XP level 6. HP: 33/49 MP: 6/6
  3066 | D:4      | Found a staircase to the Ecumenical Temple.
  3078 | Temple   | Entered the Ecumenical Temple
  3322 | D:4      | Noticed Menkaure
  3329 | D:4      | Killed Menkaure
  3329 | D:4      | Reached skill level 5 in Fighting
  3329 | D:4      | Reached skill level 6 in Maces & Flails
  3360 | D:4      | Reached XP level 7. HP: 52/56 MP: 7/7
  3760 | D:4      | Noticed Sigmund
  3770 | D:4      | Killed Sigmund
  4013 | D:5      | Entered Level 5 of the Dungeon
  4063 | D:5      | Found Rall's Weapon Emporium.
  4301 | D:5      | Found a runed gate.
  4305 | D:5      | Found a runed door.
  4313 | D:5      | Found the +9 staff of Olgreb {rPois}
  4316 | D:5      | Found a runed door.
  4355 | D:5      | Found a runed gate.
  4422 | D:5      | Found a runed gate.
  4439 | D:5      | Reached skill level 7 in Maces & Flails
  4446 | D:5      | Reached **** piety under Trog
  4446 | D:5      | Reached XP level 8. HP: 43/64 MP: 8/8
  4791 | D:5      | Noticed Ijyb
  4804 | D:5      | Killed Ijyb
  5639 | D:5      | Reached skill level 8 in Maces & Flails
  6548 | D:6      | Reached XP level 9. HP: 71/71 MP: 9/9
  6993 | D:6      | HP: 3/108 [acid (10)]
  6994 | D:6      | Splashed by a jelly's acid

Vault maps used:
D:1:      minmay_arrival_four_loops
D:3:      uniq_jessica
D:4:      minmay_temple_entry_grid, first_ration, uniq_sigmund, uniq_menkaure
D:5:      serial_shops, shop_coins, minmay_guarded_unrand_staff_of_olgreb,
          uniq_ijyb
D:6:      minmay_stone_trees_large, minmay_ruined_shrine
Temple:   dpeg_three_leaves_temple

Skill      XL: |  1  2  3  4  5  6  7  8  9 |
---------------+----------------------------+-----
Maces & Flails | 3 4 5 6 7 8 |  8.7
Fighting       | 4 5 6 7 |  7.0
Armour         | 3 4 |  4.5
Dodging        | |  1.7

Action                   |  1- 3 |  4- 6 |  7- 9 || total
-------------------------+-------+-------+-------++-------
Melee: Mace              |   123 |   162 |    13 ||   298
       Flail             |       |       |   297 ||   297
Invok: Berserk           |     1 |     2 |    10 ||    13
       Trog's Hand       |       |       |     3 ||     3
  Use: Scroll            |     2 |     8 |     6 ||    16
       Potion            |       |       |     4 ||     4
 Stab: Sleeping          |     1 |       |       ||     1
       Distracted        |       |     1 |     2 ||     3
       Invisible         |       |       |     1 ||     1
  Eat: Chunk             |     2 |     8 |    12 ||    22
       Ration            |       |       |     3 ||     3
Armor: Animal skin       |    16 |       |       ||    16
       Plate armour      |    45 |    96 |   229 ||   370
Dodge: Dodged            |    55 |    40 |   103 ||   198

Table legend:
 A = Spawn XP
 B = Non-spawn XP
 C = Spawn XP percentage of total XP
 D = Spawn monster count
 E = Non-spawn monster count
 F = Spawn count percentage of total count
 G = Total turns spent on level
                    A         B        C        D         E        F      G
               +---------+---------+-------+---------+---------+-------+---------
         Total |       0 |    3000 |   0.0 |       0 |     141 |   0.0 |  6994
               +---------+---------+-------+---------+---------+-------+---------
           D:1 |       0 |      34 |   0.0 |       0 |      21 |   0.0 |   905
           D:2 |       0 |      95 |   0.0 |       0 |      21 |   0.0 |   883
           D:3 |       0 |     262 |   0.0 |       0 |      36 |   0.0 |  1276
           D:4 |       0 |     657 |   0.0 |       0 |      18 |   0.0 |   947
           D:5 |       0 |    1514 |   0.0 |       0 |      27 |   0.0 |  2470
           D:6 |       0 |     438 |   0.0 |       0 |      18 |   0.0 |   511
               +---------+---------+-------+---------+---------+-------+---------
